Map: Блестящий пепел РВ

Players

DPGRogue (Rogue) - Winner!

  • Race: Zerg Zerg

Ashbringer

  • Race: Protoss Protoss

Event: DreamHack SC2 Masters Last Chance 2022

VOD

Have the link to the VOD?

Description

Time

  • Played on: Dec. 15, 2021, 4:20 a.m.
  • Length: 8:52

All games in this series

Show
View Real Time Build Order
Export as new Build Order

DPGRogue Zerg - Winner!

Build Orders: Hatch First 

Get SALT Encoding   

  12  0:00  Drone  
  13  0:12  Overlord  
  13  0:16  Drone  
  14  0:30  Drone  
  15  0:43  Hatchery  
  15  0:47  Drone  
  15  0:50  Drone  
  15  0:54  Drone  
  17  0:58  Drone  
  18  1:09  Extractor  
  17  1:13  Spawning Pool  
  17  1:16  Drone  
  17  1:20  Drone  
  18  1:30  Drone  
  19  1:41  Drone  
  20  1:51  Overlord  
  20  2:00  Queen x2  
  24  2:01  Zergling x2  
  24  2:02  Zergling x2  
  24  2:07  Drone  
  27  2:13  Drone, Metabolic Boost  
  28  2:17  Drone  
  29  2:24  Drone  
  29  2:28  Drone  
  31  2:36  Drone  
  32  2:40  Hatchery  
  31  2:46  Queen  
  31  2:51  Overlord  
  33  2:56  Zergling x4  
  35  2:59  Zergling x2  
  36  3:11  Drone x6  
  42  3:17  Queen  
  44  3:21  Overlord  
  43  3:27  Drone, Spore Crawler  
  43  3:31  Spore Crawler  
  42  3:35  Drone  
  42  3:38  Overlord  
  43  3:42  Drone  
  43  3:43  Drone x2  
  43  3:45  Drone  
  43  3:47  Drone  
  48  3:54  Drone x2  
  50  3:56  Queen  
  50  3:59  Drone  
  53  4:03  Drone x4  
  53  4:09  Queen  
  59  4:14  Zergling x4, Spore Crawler  
  59  4:18  Drone  
  59  4:20  Overlord  
  60  4:25  Drone x2  
  60  4:28  Lair  
  62  4:32  Drone x3  
  62  4:38  Extractor  
  64  4:42  Drone, Overlord  
  64  4:43  Drone x4  
  69  4:46  Drone  
  69  4:47  Drone x2  
  69  4:50  Extractor  
  69  4:52  Roach Warren, Extractor  
  69  4:54  Drone  
  69  4:55  Drone x3  
  69  4:58  Overlord  
  73  5:01  Overlord  
  73  5:06  Extractor  
  72  5:08  Extractor  
  72  5:09  Overlord  
  72  5:12  Drone x6, Evolution Chamber  
  76  5:14  Drone  
  77  5:23  Drone  
  77  5:24  Drone x4  
  77  5:28  Zergling x14  
  88  5:29  Overseer  
  88  5:44  Drone x2  
  88  5:45  Spire, Roach  
  88  5:47  Overlord  
  90  5:50  Drone x2  
  90  5:51  Drone x2  
  90  5:53  Overlord  
  90  5:56  Overlord  
  94  6:00  Hatchery  
  93  6:05  Overlord  
  89  6:19  Zergling x2  
  89  6:20  Zergling x20  
  89  6:22  Zergling x2  
  89  6:23  Zergling x4  
  103  6:28  Overlord  
  101  6:46  Extractor  
  101  6:47  Extractor  
  99  6:52  Hatchery  
  98  6:57  Zerg Flyer Weapons Level 1, Mutalisk x13  
  98  7:00  Zergling x8  
  125  7:07  Mutalisk  
  124  7:12  Mutalisk x2  
  128  7:19  Drone x6  
  128  7:21  Zergling x4  
  132  7:24  Overlord  
  132  7:25  Zergling x4  
  134  7:33  Mutalisk x3  
  134  7:37  Zergling x6  
  141  7:39  Overlord  
  141  7:40  Overlord  
  142  7:48  Mutalisk x2  
  144  7:52  Mutalisk x2  
  144  7:53  Zergling x2  
  144  7:54  Zergling x10  
  144  7:56  Zergling x4  
  144  7:58  Mutalisk  
  152  7:59  Mutalisk  
  152  8:05  Mutalisk  
  152  8:07  Zergling x8  
  158  8:14  Mutalisk x2  
  158  8:18  Zergling x2  
  158  8:19  Zergling x12  
  167  8:21  Zergling x2, Overlord  
  167  8:22  Overlord  
  167  8:24  Overlord  
  167  8:27  Overlord  
  167  8:30  Overlord  
  167  8:32  Overlord  
Show
View Real Time Build Order
Export as new Build Order

Ashbringer Protoss 

Build Orders: 1 Gate Expand, Oracle Opening, Zealot Archon 

Get SALT Encoding   

  12  0:00  Probe  
  13  0:12  Probe  
  14  0:17  Pylon  
  14  0:25  Probe (Chrono Boost)  
  15  0:37  Probe (Chrono Boost)  
  15  0:38  Gateway  
  16  0:44  Probe (Chrono Boost)  
  16  0:47  Assimilator  
  17  0:51  Probe  
  18  1:03  Probe  
  19  1:15  Probe  
  20  1:24  Nexus  
  20  1:34  Cybernetics Core  
  20  1:37  Probe  
  21  1:45  Assimilator  
  21  1:49  Probe  
  21  1:54  Pylon  
  22  2:01  Probe  
  23  2:09  Adept (Chrono Boost)  
  23  2:13  Probe  
  26  2:19  Stargate  
  26  2:24  Warp Gate  
  26  2:25  Probe  
  27  2:30  Adept (Chrono Boost)  
  28  2:38  Probe (Chrono Boost)  
  28  2:43  Probe (Chrono Boost)  
  30  2:47  Probe (Chrono Boost)  
  30  2:51  Probe (Chrono Boost)  
  32  2:54  Probe  
  33  3:02  Probe  
  34  3:06  Probe, Oracle (Chrono Boost)  
  38  3:14  Probe  
  38  3:15  Pylon  
  38  3:17  Stalker  
  38  3:19  Probe  
  42  3:26  Probe  
  43  3:31  Probe  
  44  3:38  Oracle (Chrono Boost), Probe  
  44  3:39  Gateway  
  48  3:43  Probe  
  49  3:50  Probe  
  50  3:59  Nexus, Probe  
  50  4:00  Pylon  
  50  4:02  Probe  
  52  4:08  Shield Battery  
  52  4:11  Probe  
  52  4:12  Pylon  
  53  4:18  Adept  
  53  4:23  Assimilator, Probe x2 (Chrono Boost)  
  57  4:26  Assimilator  
  57  4:33  Probe (Chrono Boost)  
  57  4:35  Probe (Chrono Boost)  
  57  4:37  Twilight Council, Forge  
  57  4:38  Probe (Chrono Boost)  
  59  4:39  Robotics Facility  
  59  4:43  Probe  
  61  4:49  Probe  
  62  4:54  Pylon  
  62  4:55  Pylon  
  62  5:10  Gateway, Probe x2  
  62  5:11  Protoss Ground Weapons Level 1 (Chrono Boost)  
  62  5:12  Gateway  
  64  5:14  Charge, Forge  
  64  5:16  Probe  
  65  5:21  Adept  
  65  5:22  Probe x2  
  69  5:28  Probe (Chrono Boost)  
  69  5:31  Observer  
  69  5:35  Probe (Chrono Boost)  
  73  5:37  Adept, Shield Battery  
  73  5:38  Probe (Chrono Boost)  
  73  5:41  Probe (Chrono Boost)  
  76  5:45  Protoss Shields Level 1 (Chrono Boost)  
  76  5:46  Probe (Chrono Boost)  
  76  5:49  Probe (Chrono Boost)  
  79  5:50  Probe (Chrono Boost)  
  79  5:51  Probe (Chrono Boost)  
  79  5:55  Gateway, Probe  
  79  5:56  Gateway  
  81  5:59  Probe  
  81  6:00  Assimilator  
  81  6:01  Probe  
  81  6:04  Assimilator, Sentry x2  
  85  6:07  Probe  
  85  6:10  Immortal (Chrono Boost)  
  92  6:15  Zealot x2  
  88  6:30  Zealot x2  
  88  6:37  Gateway  
  88  6:40  Gateway  
  88  6:41  Templar Archives  
  88  6:42  Gateway  
  88  6:43  Immortal (Chrono Boost)  
  92  6:47  Pylon  
  92  6:52  Pylon  
  92  6:53  Pylon  
  92  6:55  Pylon  
  92  7:08  Zealot x4  
  100  7:13  Immortal (Chrono Boost)  
  104  7:20  Gateway  
  104  7:21  High Templar x2  
  108  7:27  Archon  
  108  7:32  Gateway, High Templar x2  
  108  7:33  High Templar x2  
  108  7:35  Gateway  
  116  7:37  Archon  
  116  7:38  Warp Prism (Chrono Boost), Archon  
  116  7:39  Pylon  
  116  7:40  Sentry x3  
  116  7:41  Gateway  
  124  7:49  Photon Cannon  
  124  7:50  Photon Cannon  
  120  7:54  Zealot x2  
  104  8:02  Photon Cannon  
  97  8:09  High Templar  
  97  8:10  High Templar  
  96  8:26  Zealot x6, High Templar x2  
  109  8:31  Archon  
  109  8:33  Archon  
  99  8:36  Stalker x3  
  91  8:47  Stalker x2  
  91  8:48  Stalker  

Tags
 
Add a new tag
Caveats
  • Supply blocks, unpowered buildings, or Contaminate may cause inaccurate times.
  • Supply counts are checked every 10 seconds.